 Dungeon Crawl Stone Soup version 0.29-a0-520-gc852659d43 (webtiles) character file.

Game seed: 9395159953406670914

49 siradein the Skirmisher (level 3, -4/27 (29) HPs)
             Began as a Demonspawn Chaos Knight on May 31, 2022.
             Was a Plaything of Xom.
             Slain by Crazy Yiuf
             ... wielding a +4 quarterstaff of chaos
              (5 damage)
             ... on level 2 of the Dungeon.
             The game lasted 00:02:33 (1899 turns).

siradein the Skirmisher (Demonspawn Chaos Knight)   Turns: 1899, Time: 00:02:35

HP:   -4/27 (29)    AC:  9    Str: 14    XL:     3   Next: 51%
MP:   3/3           EV:  8    Int: 13    God:    Xom [....*.]
Gold: 78            SH:  0    Dex: 12    Spells: 2/2 levels left

rFire   . . .      SeeInvis .   a - +0 mace (chaos)
rCold   . . .      Faith    .   (no shield)
rNeg    . . .      Spirit   .   g - +0 chain mail
rPois   .          Reflect  .   (no helmet)
rElec   .          Harm     .   (no cloak)
rCorr   .          Rampage  .   (no gloves)
Will    .....                   f - +0 pair of boots
Stlth   ..........              d - amulet of the acrobat
HPRegen 0.09/turn               (no ring)
MPRegen 0.08/turn               (no ring)

@: lethally poisoned (-4 -> -17), drained
A: repulsion field 1
a: Renounce Religion


You were on level 2 of the Dungeon.
You worshipped Xom.
You were a beloved toy of Xom.
You visited 1 branch of the dungeon, and saw 2 of its levels.

You collected 78 gold pieces.

Inventory:

Hand Weapons
 a - a +0 mace of chaos (weapon)
Armour
 f - a +0 pair of boots (worn)
 g - a +0 chain mail (worn)
Jewellery
 d - an amulet of the acrobat (around neck)
 l - the ring of Suicidal Tendencies {rN+ Str-5 SInv Stlth+}
   (You found it on level 2 of the Dungeon)

   [ring of see invisible]

   Str:       It affects your strength (-5).
   rN:        It protects you from negative energy.
   SInv:      It lets you see invisible.
   Stlth:     It makes you more stealthy.
Scrolls
 e - a scroll of blinking {unknown}
 h - 2 scrolls of identify {unknown}
 j - a scroll of fog {unknown}
 k - 2 scrolls of teleportation {unknown}
 m - a scroll of poison {unknown}
 n - a scroll of noise {unknown}
Potions
 b - a potion of flight {unknown}
 i - 2 potions of curing {unknown}
 o - a potion of berserk rage {unknown}
Miscellaneous
 c - a piece from Xom's chessboard (15/15) (quivered)


   Skills:
 + Level 3.4 Fighting
 + Level 3.1 Maces & Flails
 + Level 2.3 Armour
 + Level 1.6 Dodging


You had 2 spell levels left.
You didn't know any spells.
Your spell library contained the following spells:

 Spells                   Type           Power      Damage    Failure   Level
 Scorch                   Fire           0%         2d5       100%        2
 Flame Wave               Conj/Fire      0%         2d4       100%        4
 Summon Cactus Giant      Summ           0%         N/A       100%        6
 Malign Gateway           Summ/Tloc      0%         N/A       100%        7
 Polar Vortex             Ice            0%         N/A       100%        9


Dungeon Overview and Level Annotations

Branches:
Dungeon (2/15)

Altars:
Uskayaw

Annotations:
D:2 Crazy Yiuf


Innate Abilities, Weirdness & Mutations

You are surrounded by a mild repulsion field. (EV +2)


Message History

You open the door.
You swap places.
Crazy Yiuf zaps a wand.
The puff of flame hits your ball python zombie!
Your ball python zombie is destroyed!
Crazy Yiuf zaps a wand.
The puff of flame misses you.
Crazy Yiuf zaps a wand.
The puff of flame hits you! "Hum-dee-hum-dee-hum..."
Crazy Yiuf is moving more slowly.
Crazy Yiuf sings, "Trees, trees, trees, circus!"
There is a stone staircase leading down here.
You see here a +0 barding.
Crazy Yiuf is nearby!
Crazy Yiuf is nearby!
Crazy Yiuf is nearby!
Crazy Yiuf is nearby!
Crazy Yiuf is nearby!
You start resting.
Crazy Yiuf is nearby!
Crazy Yiuf hits you with a +4 quarterstaff of chaos!
You feel drained.
You barely miss Crazy Yiuf. Crazy Yiuf closely misses you.
You hit Crazy Yiuf. You burn Crazy Yiuf.
Crazy Yiuf is moderately wounded.
Crazy Yiuf zaps a wand.
The puff of flame hits you.
Crazy Yiuf zaps a wand.
The puff of flame hits you but does no damage.
You are too injured to fight recklessly!
You are too injured to fight recklessly!
You hit Crazy Yiuf but do no damage.
Crazy Yiuf is moderately wounded.
Crazy Yiuf hits you with a +4 quarterstaff of chaos.
* * * LOW HITPOINT WARNING * * *
A shower of butterflies erupts from you!
You are lethally poisoned!
You completely miss Crazy Yiuf.
Crazy Yiuf is moderately wounded.
* * * LOW HITPOINT WARNING * * *
You feel very sick.
Crazy Yiuf hits you with a +4 quarterstaff of chaos.
You die...
Xom bursts into laughter!

.♣♣ #.≈.## #.#
g# #.≈..# #.#
.. ##.≈..####.#
..#
#.#≈#...##.#
..#
###≈###.##.#
### #≈# #.##[#
### #.##b#
#.##g####
#.##b@bb#
#.#####b# #####
######.# #.#
....###......##
#.#
###.........<.#
#.#
###........##
#.# #........#
#.#
#####........#
#.#
.)...........#
#.#


You could see Crazy Yiuf (ally target).

Vanquished Creatures
  2 dart slugs (D:1)
  6 endoplasms
  2 giant cockroaches (D:1)
  4 goblins
  2 hobgoblins (D:1)
  3 jackals (D:1)
  4 ball pythons (D:2)
  8 bats
  2 frilled lizards (D:1)
  3 kobolds (D:1)
  2 rats (D:1)
38 creatures vanquished.

Vanquished Creatures (others)
  A ball python zombie (D:2)
  3 fungi (D:2)
4 creatures vanquished.

Grand Total: 42 creatures vanquished

Notes
Turn   | Place    | Note
-------+----------+-------------------------------------------
     0 | D:1      | siradein the Demonspawn Chaos Knight began the quest for
                  | the Orb.
     0 | D:1      | Reached XP level 1. HP: 18/18 MP: 1/1
    47 | D:1      | XOM: silly message
    48 | D:1      | XOM: silly message
    53 | D:1      | Reached skill level 1 in Dodging
   165 | D:1      | Gained mutation: You are surrounded by a mild repulsion
                  | field. (EV +2) [demonic ancestry]
   165 | D:1      | Reached XP level 2. HP: 3/24 MP: 2/2
   590 | D:1      | Reached XP level 3. HP: 22/29 MP: 3/3
   907 | D:1      | Got the Compendium of Snow and the Traveller
  1009 | D:2      | Found a faded altar of an unknown god.
  1258 | D:2      | Identified the ring of Suicidal Tendencies {rN+ Str-5 SInv
                  | Stlth+}
  1327 | D:2      | Found a hide-covered altar of Uskayaw.
  1834 | D:2      | Found a runed translucent door.
  1835 | D:2      | Noticed Crazy Yiuf
  1847 | D:2      | XOM: enchant monster (good)
  1898 | D:2      | XOM: butterfly on damage
  1899 | D:2      | HP: 1/27 [poisoned by Crazy Yiuf]
  1899 | D:2      | Slain by Crazy Yiuf

Illustrated notes

Levels and vault maps discovered:
D:1:      evilmike_arrival_crescent, layout_rooms,
          chequers_serial_rivers_small_a
D:2:      layout_loops_ring, basic_altar, shapermc_ecumenical_altar_flowoftime,
          chequers_serial_rivers_micro_a, uniq_crazy_yiuf_cottage

Skill      XL: |  1  2 |
---------------+-------+-----
Dodging        | 1 |  1.6
Armour         | 2 |  2.3
Maces & Flails | 3 |  3.1
Fighting       | |  3.4

Action                   || total
-------------------------++-------
Melee: Mace              ||   128
       Punch             ||     3
Armor: Leather armour    ||    14
       Chain mail        ||    30
Dodge: Dodged            ||    91

Table legend: (Time is in decaauts)
 A = Elapsed time spent in this place.
 B = Non-inter-level travel time spent in this place.
 C = Inter-level travel time spent in this place.
 D = Time resting spent in this place.
 E = Time spent auto-exploring this place.
 F = Levels seen in this place.
 G = Mean time per level.
                   A        B        C        D        E       F      G
               +--------+--------+--------+--------+--------+-----+--------+
         Total |   1934 |   1931 |      3 |      6 |   1542 |   2 |  967.0 |
       Dungeon |   1934 |   1931 |      3 |      6 |   1542 |   2 |  967.0 |
               +--------+--------+--------+--------+--------+-----+--------+

Top non-repeatable levels by time:
     D:2: 1004 daAuts
     D:1: 929 daAuts
